AoeStats
← kV0t3

Arabia

509978751Analyzed
1v1 RM · 3d ago on Sep 28, 2026· 41m 58s· 2 players
Game mode
Random Map
Map size
Tiny (2 player)
Population
200
Speed
Normal
Resources
Standard
Victory
Conquest
Starting age
Dark Age
Ending age
Imperial Age
RankedLock teamsTeams togetherTeam positionsShared explorationLock speedFull tech treeHidden civsTurbo modeCheats
Victory
Defeat
🇩🇪 Koreans · Germany
1376
+13
🇦🇷 Maya · Argentina
1304
-13
PurplePhoenix
8:03 Loom
10:33 Feudal Age
11:07 Double-Bit Axe
18:20 Castle Age
17:26 Horse Collar
19:22 Bow Saw
20:54 Elite Skirmisher
24:10 Fletching
25:30 Ballistics
25:53 Bodkin Arrow
27:12 Scale Mail Armor
27:22 Forging
28:41 Chain Mail Armor
30:27 Heavy Plow
32:00 Wheelbarrow
32:10 Thumb Ring
33:12 Iron Casting
32:25 Arson
32:49 Squires
36:44 Imperial Age
34:00 Town Watch
34:43 Hand Cart
36:58 Eupseong
37:44 Bracer
37:43 Murder Holes
38:52 Conscription
40:08 Chemistry
40:15 Scale Barding Armor
40:43 Plate Mail Armor
39:56 Elite Fire Lancer
42:25 Two-Man Saw
42:20 Siege Engineers
kV0t3
0:25 Loom
9:30 Feudal Age
10:46 Double-Bit Axe
16:15 Wheelbarrow
20:12 Castle Age
19:09 Fletching
19:20 Padded Archer Armor
19:23 Gold Mining
19:15 Horse Collar
21:07 Bow Saw
21:31 Crossbowman
22:21 Bodkin Arrow
24:29 Eagle Warrior
27:11 Elite Skirmisher
33:23 Imperial Age
31:39 Stone Mining
31:49 Heavy Plow
33:36 Leather Archer Armor
33:42 Ballistics
33:46 Scale Mail Armor
34:05 Guard Tower
36:55 Hand Cart
36:26 Town Watch
36:48 Bracer
37:19 Crop Rotation
37:46 Chain Mail Armor
38:28 Ring Archer Armor
38:41 Forging
39:23 Plate Mail Armor
40:13 Hul'che Javelineers
41:18 Chemistry
41:56 Two-Man Saw
41:33 Stone Shaft Mining
Connection lost

Rejoining the realm…

Still unreachable

The connection could not be restored.

Session expired

The server has moved on; the page needs a fresh start.